 Dungeon Crawl Stone Soup version 0.19.1 (webtiles) character file.

42 Ladykiller69 the Shield-Bearer (level 3, -2/29 HPs)
             Began as a Formicid Fighter on Dec 15, 2016.
             Slain by an adder (4 damage)
             ... on level 2 of the Dungeon.
             The game lasted 00:02:24 (1034 turns).

Ladykiller69 the Shield-Bearer (Formicid Fighter)   Turns: 1034, Time: 00:02:25

Health: -2/29      AC:  6    Str: 20    XL:     3   Next: 77%
Magic:  3/3        EV: 13    Int:  8    God:
Gold:   73         SH: 10    Dex: 15    Spells: 0 memorised, 2 levels left

rFire  . . .     SeeInvis +     a - +0 war axe
rCold  . . .     Gourm    .     b - +0 scale mail
rNeg   . . .     Faith    .     c - +0 shield
rPois  .         Spirit   .     (helmet unavailable)
rElec  .         Reflect  .     (no cloak)
rCorr  .         Harm     .     (no gloves)
MR     .....                    (no boots)
Stlth  +.........               (no amulet)
                                (no ring)
                                (no ring)

@: agile, lethally poisoned (-2 -> -5)
A: permanent stasis, dig shafts and tunnels, four strong arms, antennae 3
a: Dig, Shaft Self


You were on level 2 of the Dungeon.
You were hungry.

You visited 1 branch of the dungeon, and saw 2 of its levels.

You collected 73 gold pieces.

Inventory:

Hand Weapons
 a - a +0 war axe (weapon)
Missiles
 e - 106 stones (quivered)
 p - 3 tomahawks
Armour
 b - a +0 scale mail (worn)
 c - a +0 shield (worn)
Jewellery
 g - a cursed -2 ring of strength {unknown}
 i - a +3 ring of slaying {unknown}
 n - an uncursed ring of ice {unknown}
Scrolls
 j - 2 scrolls of teleportation {unknown}
 l - a scroll of identify {unknown}
 o - a scroll of blinking {unknown}
Potions
 d - a potion of might
 k - 2 potions of haste
Comestibles
 f - a bread ration
 m - 2 chunks of flesh
 q - a meat ration


   Skills:
 + Level 3.5 Fighting
 * Level 2.8 Axes
 + Level 3.6 Armour
 + Level 4.1 Shields


You had 2 spell levels left.
You didn't know any spells.

Dungeon Overview and Level Annotations

Branches:
Dungeon (2/15)

Altars:
Fedhas


Innate Abilities, Weirdness & Mutations

You are under a permanent stasis effect.
You can dig through walls and to a lower floor.
Your four strong arms can wield two-handed weapons with a shield.
You have a pair of large antennae on your head. (SInv)


Message History

The adder is moderately wounded.
The adder bites you but does no damage. The adder closely misses you.
You closely miss the adder.
The adder is moderately wounded.
The adder bites you but does no damage. You block the adder's attack.
You hit the adder.
The adder is heavily wounded.
You feel sick. The adder barely misses you.
The adder bites you but does no damage.
You barely miss the adder.
The adder is heavily wounded.
The adder barely misses you. The adder bites you.
* * * LOW HITPOINT WARNING * * *
It was a potion of haste.
Your stasis keeps you stable.
You block the adder's attack.
It was a potion of agility.
You feel agile all of a sudden.
* * * LOW HITPOINT WARNING * * *
You feel sick. The adder bites you.
You die...

...##..........# .......
...............# #.#
.......#...........###.# #.#
..........#........# #.. #.#
..........#........# #.. #.#
..........#........###.. #.#
#.....?.+.....[....... #.#
#...S...#........##### ####.#
#.@..####.....# #..
#....########.#### #.....# #.#
#.#<..........# ####### #.#
#.###########################.#
#..............................
#############################.#
#.# #.# #.#


You could see an adder.

Vanquished Creatures
  4 dart slugs
  A leopard gecko (D:1)
  3 giant cockroaches
  4 goblins
  3 hobgoblins (D:1)
  3 kobolds
  A quokka (D:2)
  6 bats
  3 frilled lizards
  4 rats
32 creatures vanquished.

Notes
Turn   | Place    | Note
-------+----------+-------------------------------------------
     0 | D:1      | Ladykiller69 the Formicid Fighter began the quest for the Orb.
     0 | D:1      | Reached XP level 1. HP: 18/18 MP: 1/1
    60 | D:1      | Reached XP level 2. HP: 22/24 MP: 2/2
   126 | D:1      | Reached skill level 4 in Shields
   283 | D:1      | Reached XP level 3. HP: 23/29 MP: 3/3
   695 | D:1      | Found a blossoming altar of Fedhas.
  1034 | D:2      | Slain by an adder

Skill      XL: |  1  2 |
---------------+-------+-----
Shields        | 4 |  4.1
Fighting       | |  3.5
Axes           | |  2.8
Armour         | |  3.6

Action                   || total
-------------------------++-------
Melee: War axe           ||   109
  Use: Potion            ||     2
Armor: Scale mail        ||    47
Dodge: Dodged            ||    48
Block: Shield            ||    55
